 Dungeon Crawl Stone Soup version 0.27.1-33-g824d729ab1 (webtiles) character file.

Game seed: 9091363079585421302

432 Grabarz the Covert (level 7, -4/35 HPs)
             Began as a Vine Stalker Brigand on Dec 6, 2021.
             Was an Initiate of Fedhas.
             Slain by an orc warrior (18 damage)
             ... on level 4 of the Dungeon.
             The game lasted 00:37:51 (4021 turns).

Grabarz the Covert (Vine Stalker Brigand)           Turns: 4021, Time: 00:37:51

Health: -4/35      AC:  4    Str: 13    XL:     7   Next: 0%
Magic:  0/8        EV: 20    Int: 11    God:    Fedhas [......]
Gold:   98         SH:  0    Dex: 18    Spells: 6/6 levels left

rFire    . . .     SeeInvis .   o - +2 short sword (flame)
rCold    . . .     Faith    .   (no shield)
rNeg     . . .     Spirit   +   b - +0 robe
rPois    .         Reflect  .   (no helmet)
rElec    .         Harm     .   c - +0 cloak
rCorr    .         Rampage  .   w - +0 pair of gloves
Will     .....                  (no boots)
Stlth    ++++......             h - amulet of magic regeneration
HPRegen  1.11/turn              k - +4 ring of evasion
MPRegen  0.36/turn              n - +4 ring of evasion

@: no status effects
A: fangs 2, regeneration 1, magic shield, antimagic bite, no potion heal 2
a: Renounce Religion


You were on level 4 of the Dungeon.
You worshipped Fedhas.
Fedhas was noncommittal.
You visited 2 branches of the dungeon, and saw 6 of its levels.

You collected 98 gold pieces.

Inventory:

Hand Weapons
 a - a +2 dagger
 j - a +0 short sword of electrocution
 o - a +2 short sword of flaming (weapon)
Missiles
 d - 8 poisoned darts (quivered)
 e - 2 curare-tipped darts
Armour
 b - a +0 robe (worn)
 c - a +0 cloak (worn)
 w - a +0 pair of gloves (worn)
Jewellery
 h - an amulet of magic regeneration (around neck)
 k - a +4 ring of evasion (left hand)
 n - a +4 ring of evasion (right hand)
 v - a ring of positive energy
 x - a ring of see invisible
 y - an amulet of reflection
Scrolls
 g - a scroll of vulnerability {unknown}
 i - a scroll of enchant weapon {unknown}
 l - a scroll of holy word {unknown}
 p - a scroll of identify {unknown}
 q - a scroll of immolation {unknown}
 r - 2 scrolls of teleportation {unknown}
 t - a scroll of amnesia
 u - a scroll of summoning {unknown}
 z - a scroll of noise {unknown}
Potions
 f - a potion of berserk rage {unknown}
 m - a potion of mutation {unknown}
 s - a potion of flight {unknown}
 A - 2 potions of might {unknown}


   Skills:
 + Level 2.5 Fighting
 + Level 3.6 Short Blades
 + Level 2.1 Throwing
 + Level 1.9 Dodging
 + Level 8.0 Stealth


You had 6 spell levels left.
You didn't know any spells.
Your spell library contained the following spells:

 Spells                   Type           Power      Damage    Failure   Level
 Animate Skeleton         Necr           0%         N/A       34%         1
 Apportation              Tloc           0%         N/A       34%         1
 Corona                   Hex            0%         N/A       34%         1
 Summon Small Mammal      Summ           0%         N/A       34%         1


Dungeon Overview and Level Annotations

Branches:
Dungeon (5/15)             Temple (1/1) D:4

Altars:
Cheibriados
Dithmenos
Elyvilon
Fedhas
Kikubaaqudgha
Makhleb
Nemelex Xobeh
Okawaru
Qazlal
Ru
Sif Muna
Trog
Xom
The Shining One

Shops:
D:3 ?:(

Annotations:
D:5 Pikel


Innate Abilities, Weirdness & Mutations

You have extremely sharp teeth.
Your natural rate of healing is unusually fast.
When hurt, damage is shared between your health and your magic reserves.
Your bite disrupts and absorbs the magic of your enemies.
Potions cannot restore your health.


Message History

There is an open door here.
There is a stone staircase leading up, spattered with blood here.
The orc warrior closely misses you.
You climb upwards.
There is a stone staircase leading down here.
You closely miss the orc warrior.
The orc warrior is severely wounded.
The orc warrior misses you.
You hit the orc warrior but do no damage.
The orc warrior is severely wounded.
The orc warrior closely misses you.
You hit the orc warrior. You burn the orc warrior.
Your bite misses the orc warrior.
The orc warrior is almost dead.
The orc warrior misses you.
You hit the orc warrior but do no damage.
You bite the orc warrior. You drain its power.
You feel invigorated.
The orc warrior is almost dead.
The orc warrior hits you with a +0 scimitar!
You closely miss the orc warrior.
The orc warrior is almost dead.
The orc warrior misses you.
You barely miss the orc warrior.
The orc warrior is almost dead.
The orc warrior misses you.
You barely miss the orc warrior.
The orc warrior is almost dead.
You hit the orc warrior but do no damage.
Your bite misses the orc warrior.
The orc warrior is almost dead.
The orc warrior misses you.
You barely miss the orc warrior. Your bite misses the orc warrior.
The orc warrior is almost dead.
The orc warrior hits you with a +0 scimitar!
You closely miss the orc warrior. Your bite misses the orc warrior.
The orc warrior is almost dead.
The orc warrior hits you with a +0 scimitar!!
Ouch! That really hurt!
You die...
Fedhas appreciates your contribution to the ecosystem.

#
##################
#@o..............'
#.################
#.# # #.# # #.# #
#.# #.#
#.################
#.................


You could see an orc warrior.

Vanquished Creatures
  An ogre (D:5)
  A lemure (D:5)
  A scorpion (D:4)
  A jelly (D:3)
  3 iguanas (D:4)
  An orc wizard (D:5)
  A hound skeleton (D:4)
  3 gnolls (D:2)
  3 adders
  A worm (D:4)
  A dart slug (D:2)
  8 orcs
  6 bats
  9 endoplasms
  2 giant cockroaches
  6 goblins
  7 hobgoblins
  4 jackals (D:1)
  8 kobolds
  2 quokkas
  9 ball pythons
  3 frilled lizards
  4 rats
85 creatures vanquished.

Notes
Turn   | Place    | Note
-------+----------+-------------------------------------------
     0 | D:1      | Grabarz the Vine Stalker Brigand began the quest for the
                  | Orb.
     0 | D:1      | Reached XP level 1. HP: 11/11 MP: 2/2
    80 | D:1      | Reached skill level 5 in Stealth
    99 | D:1      | Reached XP level 2. HP: 6/15 MP: 1/3
   596 | D:1      | Found a faded altar of an unknown god.
   718 | D:1      | Reached skill level 1 in Dodging
  1001 | D:2      | Reached XP level 3. HP: 18/18 MP: 4/4
  1165 | D:2      | Reached skill level 6 in Stealth
  1464 | D:2      | Gained mutation: Your natural rate of healing is unusually
                  | fast. [Vine Stalker growth]
  1464 | D:2      | Reached XP level 4. HP: 22/23 MP: 5/5
  1681 | D:3      | Found Gasul's Book Boutique.
  1719 | D:3      | Found Keyg's Weapon Emporium.
  1882 | D:3      | Reached skill level 7 in Stealth
  1882 | D:3      | Reached XP level 5. HP: 26/26 MP: 6/6
  1921 | D:3      | Found Vuno's Magic Scroll Boutique.
  2100 | D:3      | Found a bloodstained altar of Trog.
  2312 | D:4      | Found a sacrificial altar of Ru.
  2520 | D:4      | Found a staircase to the Ecumenical Temple.
  2537 | D:4      | Reached XP level 6. HP: 30/30 MP: 7/7
  2544 | Temple   | Entered the Ecumenical Temple
  2565 | Temple   | Became a worshipper of Fedhas Madash
  3019 | D:4      | Found a snail-covered altar of Cheibriados.
  3221 | D:5      | Entered Level 5 of the Dungeon
  3246 | D:5      | Noticed an orc warrior
  3535 | D:5      | Found a shadowy altar of Dithmenos.
  3535 | D:5      | Found a burning altar of Makhleb.
  3626 | D:5      | Noticed Pikel
  3974 | D:5      | Reached skill level 8 in Stealth
  3984 | D:5      | Reached XP level 7. HP: 35/35 MP: 8/8
  4021 | D:4      | Slain by an orc warrior

Illustrated notes

Levels and vault maps discovered:
D:1:      wander_arrival_abandoned_jail, layout_basic,
          shapermc_ecumenical_altar_mp_highgroup, minmay_misc_feat_diagonals
D:2:      layout_basic
D:3:      layout_basic, trog_hazing_becter, serial_shops, nicolae_diamond_shop,
          shop, nicolae_shop_behind_doors
D:4:      layout_basic, lemuel_tele_altar, cheibrodos_worm_habitat,
          minmay_temple_entry_glassed_door
D:5:      layout_basic, general_overflow_altar,
          mainiacjoe_overflow_small_starburst, gammafunk_temple_overflow_statue,
          grunt_decor_one_mirror, guppyfry_early_orc_mine, uniq_menkaure,
          uniq_grinder, uniq_pikel
Temple:   compressed_dpeg_triangle_lava_temple

Skill      XL: |  1  2  3  4  5  6 |
---------------+-------------------+-----
Stealth        | 5 6 7 8 |  8.0
Dodging        | 1 |  1.9
Throwing       | 2 |  2.1
Short Blades   | 2 3 |  3.6
Fighting       | 2 |  2.5

Action                   |  1- 3 |  4- 6 |  7- 9 || total
-------------------------+-------+-------+-------++-------
Melee: Dagger            |    49 |       |       ||    49
       Bite              |    15 |    42 |     5 ||    62
       Short sword       |    24 |   144 |    22 ||   190
Throw: Throwing net      |       |     3 |       ||     3
  Use: Scroll            |       |     1 |       ||     1
 Stab: Sleeping          |    10 |    12 |       ||    22
       Distracted        |       |     2 |       ||     2
Armor: Robe              |    18 |    12 |       ||    30
Dodge: Dodged            |    33 |    96 |    15 ||   144
